 Dungeon Crawl Stone Soup version 0.26-a0-64-g059e62fbdb (webtiles) character file.

Game seed: 14800392495348419324

204 Ozzies the Skirmisher (level 5, -8/40 HPs)
             Began as a Gargoyle Fighter on June 11, 2020.
             Killed by divine providence
             ... invoked by an orc priest
              (11 damage)
             ... on level 4 of the Dungeon.
             The game lasted 00:09:22 (3270 turns).

Ozzies the Skirmisher (Gargoyle Fighter)            Turns: 3270, Time: 00:09:23

Health: -8/40      AC: 12    Str: 20    XL:     5   Next: 82%
Magic:  0/5        EV:  7    Int:  9    God:
Gold:   216        SH:  9    Dex:  9    Spells: 4/4 levels left

rFire    . . .     SeeInvis .   n - +0 short sword (curse)
rCold    . . .     Gourm    .   c - +0 kite shield
rNeg     + . .     Faith    .   b - +0 scale mail
rPois    ∞         Spirit   +   (no helmet)
rElec    +         Reflect  .   h - scarf {harm}
rCorr    .         Harm     .   (no gloves)
MR       +....                  (no boots)
Stlth    ..........             o - amulet of guardian spirit
HPRegen  0.13/turn              k - ring of protection from magic
MPRegen  0.09/turn              (no ring)

@: no status effects
A: iridescent scales 1, negative energy resistance 1, robust 1, electricity
resistance, unbreathing, petrification resistance, rot immunity, AC +4
a: no special abilities


You were on level 4 of the Dungeon.
You were not hungry.

You visited 1 branch of the dungeon, and saw 4 of its levels.

You collected 216 gold pieces.

Inventory:

Hand Weapons
 a - a +0 flail
 i - a +2 mace of holy wrath
 n - a cursed +0 short sword (weapon)
Missiles
 u - 3 poisoned darts (quivered)
Armour
 b - a +0 scale mail (worn)
 c - a +0 kite shield (worn)
 h - a scarf of harm (worn)
Jewellery
 k - a ring of protection from magic (left hand)
 o - an amulet of guardian spirit (around neck)
 r - an uncursed amulet of faith {unknown}
Wands
 g - a wand of paralysis (12)
Scrolls
 l - 2 scrolls of magic mapping
 m - 2 scrolls of identify
 p - a scroll of random uselessness {unknown}
 t - a scroll of amnesia {unknown}
 v - 2 scrolls of teleportation
Potions
 d - 3 potions of might
 e - 3 potions of degeneration {unknown}
 j - 2 potions of invisibility {unknown}
 s - 2 potions of berserk rage {unknown}
Comestibles
 f - 5 rations


   Skills:
 + Level 6.9 Fighting
 - Level 2.0 Maces & Flails
 - Level 3.2 Armour
 - Level 3.2 Shields


You had 4 spell levels left.
You didn't know any spells.
Your spell library was empty.

Dungeon Overview and Level Annotations

Branches:
Dungeon (4/15)
 Temple: D:4-7

Altars:
Ashenzari
Xom


Innate Abilities, Weirdness & Mutations

You are resistant to torment.
Your stone body is resilient. (AC +4)
You are immune to poison.
You resist negative energy. (rN+)
You are resistant to electric shocks. (rElec)
You can survive without breathing.
You are immune to petrification.
You are immune to rotting.
You are partially covered in iridescent scales. (AC +2)
You are robust. (+10% HP)


Message History

You hit the orc priest but do no damage.
The orc priest is lightly wounded.
The orc priest barely misses you.
You hit the orc priest.
The orc priest is moderately wounded.
You hit the orc priest.
The orc priest is moderately wounded.
You block the orc priest's attack.
You hit the orc priest.
The orc priest is heavily wounded.
The orc priest hits you but does no damage.
You closely miss the orc priest.
The orc priest is heavily wounded.
The orc priest hits you but does no damage.
You hit the orc priest.
The orc priest is severely wounded.
The orc priest hits you but does no damage.
The orc priest invokes the aid of Beogh against you.
Beogh smites you!
You die...

#+# #.# #@# #o###
#...# #...# #...#
#.#######...#
#...........####
#######....)......#
#......##....


You could see an orc priest.

Vanquished Creatures
  An orc wizard (D:3)
  Natasha (twice) (D:2)
  A worker ant (D:3)
  2 adders (D:2)
  An ooze (D:1)
  2 worms
  A dart slug (D:2)
  2 leopard geckos (D:3)
  11 orcs
  5 giant cockroaches
  5 goblins
  10 hobgoblins
  7 kobolds
  3 quokkas (D:3)
  3 bats
  3 frilled lizards
  4 rats
63 creatures vanquished.

Notes
Turn   | Place    | Note
-------+----------+-------------------------------------------
     0 | D:1      | Ozzies the Gargoyle Fighter began the quest for the Orb.
     0 | D:1      | Reached XP level 1. HP: 14/14 MP: 1/1
   154 | D:1      | Reached XP level 2. HP: 19/20 MP: 2/2
   220 | D:1      | Reached skill level 4 in Fighting
   844 | D:2      | Reached XP level 3. HP: 12/24 MP: 3/3
  1140 | D:2      | Noticed Natasha
  1148 | D:2      | Killed Natasha
  1148 | D:2      | Reached skill level 5 in Fighting
  1148 | D:2      | Reached XP level 4. HP: 25/31 MP: 4/4
  1391 | D:2      | Found a shattered altar of Ashenzari.
  1449 | D:2      | Noticed Natasha
  1470 | D:2      | Killed Natasha
  1944 | D:2      | Gained mutation: Your flesh is heat resistant. (rF+)
                  | [potion of mutation]
  1944 | D:2      | Gained mutation: You are partially covered in rugged brown
                  | scales. (AC +1, +3% HP) [potion of mutation]
  1945 | D:2      | Lost mutation: Your flesh is heat resistant. (rF+) [potion
                  | of mutation]
  1945 | D:2      | Lost mutation: You are partially covered in rugged brown
                  | scales. (AC +1, +3% HP) [potion of mutation]
  1945 | D:2      | Gained mutation: You are partially covered in iridescent
                  | scales. (AC +2) [potion of mutation]
  1945 | D:2      | Gained mutation: You are robust. (+10% HP) [potion of
                  | mutation]
  2024 | D:3      | Reached skill level 6 in Fighting
  2024 | D:3      | Reached XP level 5. HP: 23/39 MP: 2/5
  2407 | D:3      | Found a shimmering altar of Xom.
  2569 | D:3      | Found a shimmering altar of Xom.
  2570 | D:3      | Found a shimmering altar of Xom.
  3259 | D:4      | HP: 1/40 [orc priest/divine providence (14)]
  3270 | D:4      | Killed from afar by an orc priest

Illustrated notes

Levels and vault maps discovered:
D:1:      lemuel_arrival_hallway, layout_basic, minmay_tetromino_o4
D:2:      layout_loops_ring, evilmike_ruin_ashenzari, uniq_natasha
D:3:      minmay_chambers_of_threes, layout_loops_ring, xom_redecorated,
          first_ration, serial_glass, glass_columns_b, glass_columns_a
D:4:      layout_basic, dk_vineyard_2, nemelex_diamond_rough_becter

Skill      XL: |  1  2  3  4 |
---------------+-------------+-----
Fighting       | 4 5 6 |  6.9
Maces & Flails | |  2.0
Armour         | |  3.2
Shields        | |  3.2

Action                   |  1- 3 |  4- 6 || total
-------------------------+-------+-------++-------
Melee: Flail             |    37 |       ||    37
       Short sword       |    71 |   267 ||   338
  Use: Scroll            |       |     8 ||     8
       Potion            |       |     4 ||     4
  Eat: Chunk             |       |     6 ||     6
       Ration            |       |     1 ||     1
Armor: Scale mail        |    52 |   148 ||   200
Dodge: Dodged            |    33 |    77 ||   110
Block: Kite shield       |    51 |   146 ||   197

Table legend:
 A = Non-vault XP
 B = Vault XP
 C = Vault XP percentage of total XP
 D = Non-vault monster count
 E = Vault monster count
 F = Vault count percentage of total count
                 A         B        C        D         E       F
            +---------+---------+-------+---------+---------+-------
      Total |     229 |      63 |  21.6 |      47 |      16 |  25.4
            +---------+---------+-------+---------+---------+-------
        D:1 |      26 |       5 |  16.1 |      12 |       3 |  20.0
        D:2 |      81 |      35 |  30.2 |      13 |       1 |   7.1
        D:3 |     110 |      23 |  17.3 |      18 |      12 |  40.0
        D:4 |      12 |       0 |   0.0 |       4 |       0 |   0.0
            +---------+---------+-------+---------+---------+-------
